Map: King's Cove LE

Players

Sura

  • Race: Zerg Zerg
  • League: Master
  • Spawn Location: 11:00

Mez - Winner!

  • Race: Terran Terran
  • League: Master
  • Spawn Location: 5:00

VOD

Have the link to the VOD?

Description

Time

  • Played on: Aug. 1, 2019, 3:27 a.m.
  • Length: 4:44
Show
View Real Time Build Order
Export as new Build Order

Sura Zerg 

Build Orders: Hatch First 

Get SALT Encoding   

  12  0:00  Drone  
  13  0:13  Overlord  
  13  0:17  Drone  
  14  0:32  Drone x2  
  16  0:49  Hatchery  
  15  0:53  Drone  
  16  0:57  Drone  
  16  1:00  Drone  
  18  1:04  Extractor  
  17  1:17  Spawning Pool  
  16  1:18  Drone  
  16  1:23  Drone  
  18  1:28  Drone  
  20  1:40  Drone  
  20  1:51  Overlord  
  20  2:04  Zergling x4  
  20  2:06  Queen x2  
  26  2:13  Drone x2  
  28  2:26  Drone  
  28  2:27  Drone  
  30  2:34  Drone  
  30  2:35  Drone  
  31  2:57  Drone x4  
  35  3:00  Lair  
  35  3:03  Metabolic Boost  
  35  3:08  Overlord  
  35  3:18  Overlord  
  35  3:25  Queen  
  37  3:27  Drone x3  
  37  3:28  Drone  
  37  3:31  Extractor  
  40  3:38  Hatchery  
  39  3:44  Drone x3  
  39  3:46  Drone  
  43  3:56  Drone x2  
  43  4:01  Overlord, Drone x2  
  43  4:02  Drone  
  48  4:03  Extractor  
  48  4:04  Extractor  
  48  4:08  Spire  
  45  4:25  Drone x3  
  45  4:26  Drone  
Show
View Real Time Build Order
Export as new Build Order

Mez Terran - Winner!

Build Orders: 2 Factory, Reaper Expand, Mech 

Get SALT Encoding   

  12  0:00  SCV  
  13  0:13  SCV  
  14  0:18  Supply Depot  
  14  0:25  SCV  
  15  0:40  SCV  
  15  0:41  Barracks  
  16  0:45  Refinery  
  16  0:52  SCV  
  17  1:04  SCV  
  18  1:16  SCV  
  19  1:28  Reaper, Orbital Command  
  20  1:45  Command Center  
  20  1:53  Supply Depot  
  20  1:56  SCV  
  20  2:00  Marine  
  22  2:10  SCV  
  23  2:16  Factory  
  23  2:20  Refinery  
  23  2:23  Barracks Reactor  
  23  2:24  SCV  
  24  2:36  SCV  
  25  2:52  SCV  
  25  2:58  Factory, Orbital Command  
  26  3:08  SCV  
  26  3:10  Hellion  
  26  3:11  Hellion  
  26  3:12  Barracks Tech Lab  
  31  3:23  SCV x2  
  33  3:34  Hellion x2, Supply Depot  
  37  3:35  SCV  
  37  3:40  SCV  
  38  3:47  SCV  
  39  3:52  SCV  
  40  3:59  Supply Depot  
  40  4:00  SCV  
  41  4:04  Siege Tank, SCV  
  41  4:05  Hellion x2  
  49  4:12  SCV  
  49  4:16  SCV  
  51  4:19  Factory  
  51  4:24  Supply Depot  
  51  4:27  SCV  
  51  4:28  SCV  
Tags
 
Add a new tag
Caveats
  • Supply blocks, unpowered buildings, or Contaminate may cause inaccurate times.
  • Supply counts are checked every 10 seconds.